 Dungeon Crawl Stone Soup version 0.17-a0-1970-g7a13dd1 (webtiles) character file.

15641 Shim the Nimble (level 12, -6/106 HPs)
             Began as a Hill Orc Gladiator on Oct 4, 2015.
             Was a High Priest of Beogh (penitent).
             Killed by divine providence
             ... invoked by a deep elf priest
              (15 damage)
             ... on level 1 of the Elven Halls.
             The game lasted 02:25:42 (16588 turns).

Shim the Nimble (Hill Orc Gladiator)               Turns: 16588, Time: 02:25:46

Health: -6/106     AC: 17    Str: 22    XL:     12   Next: 29%
Magic:  19/19      EV: 18    Int: 13    God:    Beogh [*]
Gold:   1104       SH:  0    Dex: 15    Spells: 1 memorised, 19 levels left

rFire  . . .     SeeInvis .     C - +10 scythe "Pang" {drain, Str+3}
rCold  . . .     Clarity  .     z - +0 troll leather armour
rNeg   . . .     SustAt   .     (no shield)
rPois  .         Gourm    .     o - +2 helmet
rElec  .         Spirit   .     V - +0 cloak
rCorr  .         Warding  .     R - +0 pair of gloves
rMut   .         Stasis   .     s - +0 pair of boots
MR     .....                    A - amulet of regeneration
Stlth  +.........               F - +5 ring of intelligence
                                e - +4 ring of protection

@: confused, not resistant to hostile enchantments, very unstealthy
A: molten scales 1, sense surroundings 1, spit poison 1
a: Spit Poison, Renounce Religion


You were on level 1 of the Elven Halls.
You worshipped Beogh.
Beogh was demanding penance.
You were not hungry.

You visited 3 branches of the dungeon, and saw 14 of its levels.
You visited 1 bazaar.
You also visited: Sewer.

You collected 1886 gold pieces.
You spent 782 gold pieces at shops.

Inventory:

Hand weapons
 p - a +1 battleaxe of venom
 B - a +0 vampiric hand axe
 C - the +10 scythe "Pang" (weapon) {drain, Str+3}
   (You found it on level 7 of the Dungeon)

   A truly terrible weapon, it drains the life of those it strikes.
   It affects your strength (+3).
 Z - a +1 vampiric hand axe
Missiles
 E - 10 tomahawks of returning (quivered)
Armour
 b - a troll hide
 c - a +0 helmet
 f - a +3 leather armour
 o - a +2 helmet (worn)
 s - a +0 pair of boots (worn)
 t - the cursed +0 helmet "Foer" {Str-5 Int+4 Stlth+}
   (You bought it in a shop on level 4 of the Orcish Mines)

   It affects your strength (-5).
   It affects your intelligence (+4).
   It makes you more stealthy.
   It has a curse placed upon it.
 z - a +0 troll leather armour (worn)
 P - a troll hide {Purgy}
 R - a +0 pair of gloves (worn)
 V - a +0 cloak (worn)
 X - a -1 leather armour
Jewellery
 e - a +4 ring of protection (left hand)
 A - an amulet of regeneration (around neck)
 F - a +5 ring of intelligence (right hand)
Magical devices
 d - a wand of paralysis (8)
 G - a wand of draining (6)
 K - a wand of flame (18)
 M - a wand of digging (21)
Scrolls
 g - 8 scrolls of identify
 j - 6 scrolls of amnesia
 k - 6 scrolls of teleportation
 l - a scroll of fear
 u - 2 scrolls of magic mapping
 w - 6 scrolls of enchant weapon
 x - 2 scrolls of enchant armour
 y - 3 scrolls of recharging
 D - 3 scrolls of remove curse
 O - a scroll of immolation {unknown}
 S - a scroll of summoning {unknown}
 W - a scroll of silence {unknown}
Potions
 h - a potion of degeneration {unknown}
 i - a potion of brilliance {unknown}
 m - 2 potions of lignification
 r - 5 potions of might
 v - a potion of flight
 I - a potion of invisibility {unknown}
 Q - a potion of ambrosia {unknown}
 T - 2 potions of heal wounds
 U - a potion of curing
Books
 a - a book of Burglary

   Spells                             Type                      Level
   a - Swiftness                      Charms/Air                   2
   b - Passwall                       Transmutation/Earth          3
   c - Passage of Golubria            Translocation                4
   d - Lee's Rapid Deconstruction     Earth                        5
   e - Darkness                       Hexes                        6
   f - Invisibility                   Hexes                        6
Miscellaneous
 q - a fan of gales
Comestibles
 n - 3 royal jellies
 H - a beef jerky
 J - 8 bread rations
 L - 16 fruits


   Skills:
 + Level 9.7 Fighting
 + Level 4.6(8.5) Axes
 + Level 9.4(9.7) Polearms
 + Level 3.5 Throwing
 + Level 5.7 Armour
 + Level 9.8 Dodging
 + Level 5.1 Stealth
 * Level 5.0 Spellcasting
 + Level 0.6 Charms
 + Level 0.4 Air Magic
 + Level 3.5 Invocations


You had 19 spell levels left.
You knew the following spells:

 Your Spells              Type           Power        Failure   Level  Hunger
a - Swiftness             Chrm/Air       #.......     30%         2    ##.....


Dungeon Overview and Level Annotations

Branches:
Dungeon (9/15)             Temple (0/1) D:5             Orc (4/4) D:9
    Elf (1/3) Orc:4
   Lair: D:8-11

Altars:
Ashenzari
Cheibriados
Dithmenos
Fedhas
Kikubaaqudgha
Makhleb
Trog
Vehumet
The Shining One
Beogh

Shops:
D:4 *   D:7 (   Orc:4 ([=*


Innate Abilities, Weirdness & Mutations

You are partially covered in molten scales (AC +1).
You passively map a small area around you.
You can spit weak poison.


Message History

Your orc knight hits the orc knight with a whip!!
Something hits you.
A lost soul flickers into view.
You barely miss the orc knight.
The orc knight is almost dead.
A deep elf knight appears from thin air!
Reactivating autopickup.
The orc knight hits you with a trident!
Your orc knight roars a battlecry!
Your orc warrior goes into a battle-frenzy!
Your orc knight hits the orc knight with a whip!!
The orc knight is no longer blind.
The lost soul assumes the form of the orc knight and becomes anchored to this world!
Your orc warrior barely misses the ghostly orc knight.
The deep elf knight gestures at you while chanting.
The spray of energy hits you!
* * * LOW HITPOINT WARNING * * *
You are confused.
The deep elf priest invokes the aid of its god against you.
Something smites you!
You die...

.####)####........##
.#...)o..#......)##
.#...)...#..#...##
.#.......#..###'#
.....8.....## #.#
.#.......#.####o##
.#.......#....ooo#
.#.......#.#####o#
.####.####.# #@#
,...... ..# #e#
##+##. #.# #e# ...
#. #.# {e.* ... *
... ... ..... ...
..... ... , '
......# ... ,


You could see a ghostly orc knight, a deep elf death mage, a deep elf knight, a
deep elf priest, a friendly orc knight and 2 friendly orc warriors.

Vanquished Creatures
  A deep elf knight (Elf:1)
  Pikel (D:4)
  3 deep elf conjurers (Elf:1)
  A deep elf priest (Elf:1)
  A trapdoor spider zombie (D:9)
  3 deep elf magi (Elf:1)
  A deep elf fighter (Elf:1)
  2 hippogriffs (D:8)
  Menkaure (D:5)
  6 wargs
  15 orc warriors
  Purgy (Sewer)
  2 phantoms
  An eye of draining (D:8)
  A black bear (D:5)
  2 sky beasts
  4 ogres
  A centaur (D:9)
  A crocodile (D:8)
  A giant frog (D:6)
  A big kobold (D:8)
  A scorpion (D:7)
  3 killer bees
  2 crimson imps
  3 iguanas
  2 centaur zombies
  A jelly (D:7)
  A centaur skeleton (D:9)
  13 orc wizards
  A quasit (D:7)
  14 orc priests
  A gnoll shaman (D:8)
  4 hounds
  6 worker ants
  Natasha (thrice) (D:2)
  A hound skeleton (D:6)
  2 worker ant zombies
  9 adders
  5 gnolls (D:8)
  4 shadow imps
  An ooze (D:1)
  An adder zombie (D:5)
  An adder skeleton (D:4)
  3 giant geckos (D:6)
  58 orcs
  10 giant cockroaches
  9 goblins
  14 hobgoblins
  3 jackals (D:4)
  A quokka (D:2)
  6 ball pythons
  9 bats
  8 giant newts
  A jackal skeleton (D:5)
  7 kobolds
  12 rats
270 creatures vanquished.

Vanquished Creatures (collateral kills)
  The ghost of Shim the Cleaver, a journeyman HOGl of Makhleb (Orc:1)
  An orc high priest (Orc:4)
  Urug (Orc:2)
  Nergalle (Orc:4)
  A deep elf knight (Elf:1)
  2 deep elf summoners (Elf:1)
  2 deep elf conjurers (Elf:1)
  4 orc knights
  An orc sorcerer (Orc:3)
  A cyclops (Orc:4)
  2 trolls (Orc:3)
  A two-headed ogre (Orc:3)
  2 deep elf magi (Elf:1)
  A deep elf fighter (Elf:1)
  4 wargs
  9 orc warriors
  4 ogres
  10 orc wizards
  11 orc priests
  33 orcs
92 creatures vanquished.

Vanquished Creatures (others)
  An orc warlord (Orc:3)
  A deep elf knight (Elf:1)
  An orc sorcerer (Orc:4)
  7 orc warriors
  A crimson imp (D:5)
  11 orc priests
  3 orc wizards (Orc:4)
  89 orcs
114 creatures vanquished.

Grand Total: 476 creatures vanquished

Notes
Turn   | Place    | Note
--------------------------------------------------------------
     0 | D:1      | Shim the Hill Orc Gladiator began the quest for the Orb.
     0 | D:1      | Reached XP level 1. HP: 18/18 MP: 1/1
   229 | D:1      | Reached XP level 2. HP: 23/25 MP: 2/2
  1029 | D:1      | Reached XP level 3. HP: 30/30 MP: 3/3
  1481 | D:2      | Noticed Natasha
  1883 | D:2      | Killed Natasha
  1883 | D:2      | Reached skill level 4 in Polearms
  1883 | D:2      | Reached XP level 4. HP: 27/37 MP: 4/4
  1921 | D:2      | Noticed Natasha
  1996 | D:2      | Killed Natasha
  1996 | D:2      | Reached skill level 1 in Armour
  2006 | D:2      | Noticed Natasha
  2070 | D:2      | Reached skill level 1 in Stealth
  2296 | D:2      | Killed Natasha
  3459 | D:3      | Reached XP level 5. HP: 42/42 MP: 5/5
  4788 | D:4      | Noticed Pikel
  4788 | D:4      | Noticed a slave
  4788 | D:4      | Noticed a slave
  4789 | D:4      | Noticed a slave
  5330 | D:4      | Found Ischar's Assorted Antiques.
  5434 | D:4      | Reached XP level 6. HP: 35/50 MP: 6/6
  5738 | D:4      | Noticed a slave
  6008 | D:4      | Killed Pikel
  6008 | D:4      | Reached skill level 5 in Polearms
  6008 | D:4      | Reached XP level 7. HP: 45/59 MP: 7/7
  6228 | D:5      | Entered Level 5 of the Dungeon
  6229 | D:5      | Became a worshipper of Beogh the Brigand
  6597 | D:5      | Reached skill level 5 in Dodging
  6713 | D:5      | Noticed Menkaure
  6732 | D:5      | Killed Menkaure
  6732 | D:5      | Reached XP level 8. HP: 24/67 MP: 8/8
  7053 | D:5      | You fall through a shaft for 3 floors!
  7073 | D:8      | Reached skill level 5 in Fighting
  7490 | D:8      | HP: 3/68 [hippogriff (5)]
  7516 | D:8      | Reached skill level 6 in Dodging
  7739 | D:8      | Found a blossoming altar of Fedhas.
  7776 | D:8      | Gained mutation: You regenerate slowly when monsters are visible. [mutagenic meat]
  7777 | D:8      | Gained mutation: You passively map a small area around you. [mutagenic meat]
  7778 | D:8      | Gained mutation: You can spit weak poison. [mutagenic meat]
  7779 | D:8      | Gained mutation: You are partially covered in molten scales (AC +1). [mutagenic meat]
  7781 | D:8      | Lost mutation: You regenerate slowly when monsters are visible. [mutagenic meat]
  7860 | D:8      | Reached XP level 9. HP: 27/74 MP: 9/9
  7996 | D:7      | Found Fyugrah's Antique Weapon Shop.
  8066 | D:7      | Acquired Beogh's first power
  8123 | D:7      | Got an ancient scythe
  8161 | D:7      | Bought a runed war axe for 87 gold pieces
  8177 | D:7      | Identified the +10 scythe "Pang" {drain, Str+3} (You found it on level 7 of the Dungeon)
  8277 | D:7      | Reached skill level 7 in Dodging
  8873 | D:6      | Found a glowing drain.
  8877 | Sewer    | Entered a sewer
  8900 | Sewer    | Noticed Purgy
  8910 | Sewer    | Killed Purgy
  9424 | D:5      | Found a staircase to the Ecumenical Temple.
  9552 | D:6      | Acquired Beogh's second power
  9641 | D:6      | Learned a level 2 spell: Swiftness
 10572 | D:7      | Reached skill level 8 in Dodging
 11044 | D:8      | Reached skill level 1 in Spellcasting
 11044 | D:8      | Reached XP level 10. HP: 80/83 MP: 7/11
 11060 | D:8      | Found a bloodstained altar of Trog.
 11066 | D:8      | Found an ancient bone altar of Kikubaaqudgha.
 11066 | D:8      | Found a radiant altar of Vehumet.
 11072 | D:8      | Reached skill level 1 in Invocations
 11074 | D:8      | Found a shattered altar of Ashenzari.
 11075 | D:8      | Found a burning altar of Makhleb.
 11217 | D:8      | Found a snail-covered altar of Cheibriados.
 11218 | D:8      | Found a shadowy altar of Dithmenos.
 11296 | D:7      | Found a glowing golden altar of the Shining One.
 11527 | D:9      | Found a roughly hewn altar of Beogh.
 11527 | D:9      | Found a staircase to the Orcish Mines.
 11567 | D:9      | Acquired Beogh's third power
 12152 | Orc:1    | Entered Level 1 of the Orcish Mines
 12445 | Orc:1    | Noticed Shim's ghost (journeyman HOGl)
 12464 | Orc:1    | Acquired Beogh's fourth power
 12473 | Orc:1    | Killed Shim's ghost
 13058 | Orc:2    | Noticed an orc knight
 13065 | Orc:2    | Killed an orc knight
 13067 | Orc:2    | Noticed Urug
 13073 | Orc:2    | Killed Urug
 13468 | Orc:2    | Gained Orik as an ally
 13726 | Orc:3    | Reached XP level 11. HP: 92/92 MP: 15/15
 13740 | Orc:3    | Noticed an orc sorcerer
 13745 | Orc:3    | Killed an orc sorcerer
 14232 | Orc:4    | Entered Level 4 of the Orcish Mines
 14259 | Orc:4    | Found a staircase to the Elven Halls.
 14501 | Orc:4    | Noticed an orc warlord
 14506 | Orc:4    | Noticed an orc knight
 14514 | Orc:4    | Noticed an orc knight
 14543 | Orc:3    | an orc warlord (ally) was killed
 14655 | Orc:3    | You fall through a shaft!
 14767 | Orc:4    | Noticed Nergalle
 14769 | Orc:4    | Noticed an orc knight
 14774 | Orc:4    | Noticed an orc knight
 14775 | Orc:4    | Noticed an orc high priest
 14777 | Orc:4    | Noticed an ice devil
 14779 | Orc:4    | Noticed a soul eater
 14902 | Orc:4    | Killed an orc knight
 14910 | Orc:4    | Reached skill level 9 in Dodging
 14970 | Orc:4    | Found a bloodstained altar of Trog.
 15086 | Orc:4    | Reached skill level 5 in Armour
 15092 | Orc:4    | Acquired Beogh's fifth power
 15095 | Orc:4    | Killed Nergalle
 15102 | Orc:4    | Found a roughly hewn altar of Beogh.
 15110 | Orc:4    | Noticed an ice devil
 15112 | Orc:4    | Killed an orc high priest
 15113 | Orc:4    | Found Cuilinas's General Store.
 15115 | Orc:4    | Killed an orc knight
 15130 | Orc:4    | Found Moirubuuh's Antique Weapon Emporium.
 15133 | Orc:4    | Found Zolakk's Antique Armour Emporium.
 15170 | Orc:4    | Bought a runed helmet for 108 gold pieces
 15170 | Orc:4    | Bought a translucent helmet for 228 gold pieces
 15180 | Orc:4    | Identified the cursed +0 helmet "Foer" {Str-5 Int+4 Stlth+} (You bought it in a shop on level 4 of the Orcish Mines)
 15233 | Orc:4    | Found Bayc's Jewellery Emporium.
 15304 | Orc:4    | Killed an orc knight
 15633 | Orc:4    | Your ally Orik died
 15920 | Elf:1    | Entered Level 1 of the Elven Halls
 15984 | Elf:1    | Noticed a deep elf conjurer
 15991 | Elf:1    | Killed a deep elf conjurer
 16022 | Elf:1    | Noticed a deep elf knight
 16031 | Elf:1    | Killed a deep elf knight
 16320 | Elf:1    | Noticed a deep elf knight
 16322 | Elf:1    | Noticed a deep elf summoner
 16322 | Elf:1    | Noticed a deep elf conjurer
 16322 | Elf:1    | Killed a deep elf knight
 16325 | Elf:1    | Noticed a deep elf conjurer
 16325 | Elf:1    | Killed a deep elf summoner
 16326 | Elf:1    | Killed a deep elf conjurer
 16326 | Elf:1    | Reached XP level 12. HP: 101/104 MP: 17/19
 16327 | Elf:1    | Noticed a deep elf summoner
 16327 | Elf:1    | Noticed a deep elf conjurer
 16329 | Elf:1    | Killed a deep elf conjurer
 16331 | Elf:1    | Noticed a deep elf conjurer
 16334 | Elf:1    | Noticed a deep elf knight
 16335 | Elf:1    | Killed a deep elf conjurer
 16335 | Elf:1    | Reached skill level 5 in Stealth
 16338 | Elf:1    | Killed a deep elf summoner
 16340 | Elf:1    | Killed a deep elf knight
 16351 | Elf:1    | Killed a deep elf conjurer
 16351 | Elf:1    | Reached skill level 5 in Spellcasting
 16426 | Elf:1    | Found a flickering gateway to a bazaar.
 16436 | Bazaar   | Entered a bazaar
 16473 | Bazaar   | Found Roerghilo's Distillery.
 16478 | Bazaar   | Bought a potion of heal wounds for 50 gold pieces
 16478 | Bazaar   | Bought a potion of curing for 30 gold pieces
 16489 | Bazaar   | Found Juaddugoxt's Food Shoppe.
 16489 | Bazaar   | Found Kuimoasm's Magic Scroll Emporium.
 16493 | Bazaar   | Bought a scroll of identify for 26 gold pieces
 16493 | Bazaar   | Bought a scroll of identify for 26 gold pieces
 16493 | Bazaar   | Bought a scroll of enchant weapon for 97 gold pieces
 16493 | Bazaar   | Bought a scroll of identify for 26 gold pieces
 16493 | Bazaar   | Bought a scroll of identify for 26 gold pieces
 16493 | Bazaar   | Bought a scroll of identify for 26 gold pieces
 16493 | Bazaar   | Bought a scroll of identify for 26 gold pieces
 16493 | Bazaar   | Bought a scroll of identify for 26 gold pieces
 16568 | Elf:1    | Noticed a deep elf knight
 16570 | Elf:1    | Noticed a deep elf death mage
 16584 | Elf:1    | Was placed under penance by Beogh
 16588 | Elf:1    | Killed from afar by a deep elf priest

Vault maps used:
D:1:      scummos_arrival_simple_crosswalls
D:2:      moated_statue, hangedman_feature_mirror, grunt_ministairs_10,
          minmay_box_of_dots, uniq_natasha
D:4:      serial_shops, shop, uniq_pikel
D:5:      black_bear_nest_2, minmay_temple_entry_enclosed_plants, first_bread,
          uniq_menkaure
D:6:      gup_sewer_entry_spiral, st_stairs_13, supply_closet_lemuel
D:7:      lemuel_upstairs_altar, serial_shops, nicolae_shop_stone
D:8:      grunt_temple_overflow_open, hangedman_tree_tricks
D:9:      david_orc_5
Orc:2:    sword_in_stone
Orc:3:    nicolae_orc_pool_cavern, nicolae_orc_tapped_out
Orc:4:    grunt_orc_cross, david_defended_altar_orc
Elf:1:    eino_elf_arrival_shootout, serial_shops, bzr_entry_water,
          minivault_28, nicolae_elf_glass_and_crystal_pillar_2,
          evilmike_minifort, uniq_donald
Bazaar:   bazaar_short_row
Sewer:    sewer_co_purgy_island

Action                   |  1- 3 |  4- 6 |  7- 9 | 10-12 || total
-------------------------+-------+-------+-------+-------++-------
Melee: Trident           |   113 |   227 |       |       ||   340
       Unarmed           |       |     4 |       |       ||     4
       Hand axe          |       |    34 |   355 |       ||   389
       Scythe            |       |       |   151 |   249 ||   400
       Battleaxe         |       |       |       |    10 ||    10
Throw: Throwing net      |     3 |     7 |     4 |     1 ||    15
       Tomahawk          |       |       |    26 |     1 ||    27
 Cast: Swiftness         |       |       |     2 |     1 ||     3
Invok: Convert to Beogh  |       |       |     1 |       ||     1
       Smiting           |       |       |     2 |     9 ||    11
       Recall Orcish Fol |       |       |       |     2 ||     2
       Stop Recall       |       |       |       |     1 ||     1
 Abil: Spit Poison       |       |       |     3 |     1 ||     4
Evoke: Wand              |       |       |       |     1 ||     1
  Use: Scroll            |       |     1 |    16 |     7 ||    24
       Potion            |       |       |     6 |     4 ||    10
 Stab: Sleeping          |     1 |     2 |     4 |     7 ||    14
       Held in net/web   |     1 |     1 |       |       ||     2
       Confused          |       |     2 |       |     1 ||     3
       Distracted        |       |       |       |     5 ||     5
  Eat: Chunk             |     1 |       |     9 |     2 ||    12
       Bread ration      |     1 |       |     1 |     2 ||     4
       Meat ration       |       |     3 |     3 |     1 ||     7
       Pizza             |       |     2 |       |       ||     2
       Royal jelly       |       |       |       |     3 ||     3
